 Dungeon Crawl Stone Soup version 0.19-a0-892-g8a19e52 (webtiles) character file.

1255 Moloch the Cleaver (level 8, -5/60 HPs)
             Began as a Demonspawn Fighter on July 4, 2016.
             Slain by an orc warrior
             ... wielding a +0 halberd
              (8 damage)
             ... on level 6 of the Dungeon.
             The game lasted 00:07:49 (4184 turns).

Moloch the Cleaver (Demonspawn Fighter)             Turns: 4184, Time: 00:07:50

Health: -5/60      AC: 14    Str: 24    XL:     8   Next: 26%
Magic:  8/8        EV:  5    Int:  9    God:
Gold:   177        SH:  9    Dex: 13    Spells: 0 memorised, 7 levels left

rFire  + . .     SeeInvis .     a - +0 war axe
rCold  . . .     Gourm    .     x - +0 chain mail
rNeg   . . .     Faith    .     c - +0 shield
rPois  .         Spirit   .     (no helmet)
rElec  .         Dismiss  .     (no cloak)
rCorr  +         Reflect  .     n - +2 pair of gloves
SustAt .         Harm     .     (no boots)
MR     .....                    (no amulet)
Stlth  ..........               w - ring of resist corrosion
                                u - ring of protection from fire

@: mighty, slowed, drained, very slow, not resistant to hostile enchantments,
extremely unstealthy
A: talons 1, slimy green scales 2, powered by death 1, rot immunity
a: no special abilities


You were on level 6 of the Dungeon.
You were not hungry.

You visited 1 branch of the dungeon, and saw 6 of its levels.

You collected 177 gold pieces.

Inventory:

Hand Weapons
 a - a +0 war axe (weapon)
Missiles
 o - 6 javelins of returning (quivered)
Armour
 c - a +0 shield (worn)
 n - a +2 pair of gloves (worn)
 x - a +0 chain mail (worn)
Jewellery
 u - a ring of protection from fire (left hand)
 w - a ring of resist corrosion (right hand)
Wands
 j - a wand of lightning (3/15)
Scrolls
 b - a scroll of enchant weapon {unknown}
 e - 2 scrolls of enchant armour {unknown}
 g - 4 scrolls of identify
 i - 3 scrolls of teleportation {unknown}
 k - a scroll of random uselessness {unknown}
 l - 2 scrolls of remove curse {unknown}
 t - 2 scrolls of immolation {unknown}
 y - a scroll of blinking {unknown}
 A - a scroll of recharging {unknown}
 B - a scroll of amnesia {unknown}
 D - a scroll of noise {unknown}
Potions
 d - a potion of might
 h - 4 potions of curing
 m - a potion of heal wounds {unknown}
 q - a potion of agility {unknown}
 r - a potion of resistance {unknown}
 v - a potion of invisibility {unknown}
Comestibles
 f - 4 bread rations
 p - 2 meat rations
 s - a slice of pizza
 z - 2 royal jellies
 C - 7 chunks of flesh


   Skills:
 - Level 3.7(2.6) Fighting
 + Level 9.1(7.9) Axes
 - Level 2.6(1.6) Armour
 - Level 2.6(1.6) Shields


You had 7 spell levels left.
You didn't know any spells.

Dungeon Overview and Level Annotations

Branches:
Dungeon (6/15)
 Temple: D:4-7

Altars:
Ashenzari
Cheibriados
Gozag
Kikubaaqudgha
Nemelex Xobeh
Ru
Sif Muna
Trog
Vehumet


Innate Abilities, Weirdness & Mutations

You have sharp toenails.
You are mostly covered in slimy green scales. (AC +3)
You regenerate a little health from kills.
You are immune to rotting.


Message History

The orc warrior hits you from afar with a halberd!!
* * * LOW HITPOINT WARNING * * *
The orc wizard barely misses you.
Unknown command.
The orc wizard casts a spell at you.
You feel yourself slow down.
Things that are here:
a chain mail; a dagger; a robe It was a potion of curing.
You feel better.
The orc wizard hits you with a dagger of draining.
* * * LOW HITPOINT WARNING * * *
You feel drained.
* * * LOW HITPOINT WARNING * * *
The orc warrior hits you with a halberd.
* * * LOW HITPOINT WARNING * * *
The orc wizard casts a spell at you. The magic dart hits you!
* * * LOW HITPOINT WARNING * * *
The orc warrior hits you with a halberd!
You die...

.≈≈.≈≈. ...... ..... #...##
# 8..$8# #.#### #o..#
#....< #. #.o.# ####.# #.#
##@).## #..... #.# #8.o.8#
#.##.# #.### ####...####
####.##..
#.#8###8##...##8###8##.##..
#.......)..............##.#
#..........................
#................(....###.#
#.#8###8##...##8###8### #.#
#.########...#### ### #.#


You could see an orc warrior, an orc wizard and an orc.

Vanquished Creatures
  Pikel (D:5)
  Menkaure (D:5)
  4 slaves (D:4)
  The ghost of Television the Skirmisher, an amateur HOCj (D:4)
  A centaur (D:5)
  A scorpion (D:5)
  A giant frog zombie (D:5)
  A crimson imp (D:5)
  A centaur skeleton (D:3)
  An orc priest (D:6)
  A hound (D:4)
  A jelly (D:5)
  2 orc wizards
  An iguana (D:4)
  3 worker ants (D:4)
  5 adders
  An ooze (D:4)
  An adder zombie (D:5)
  2 worms (D:3)
  2 dart slugs
  A giant gecko (D:1)
  11 orcs
  4 giant cockroaches
  5 hobgoblins
  2 quokkas
  2 ball pythons
  4 bats
  2 giant gecko skeletons
  3 giant newts (D:1)
  12 goblins
  8 kobolds
  7 rats
93 creatures vanquished.

Notes
Turn   | Place    | Note
-------+----------+-------------------------------------------
     0 | D:1      | Moloch the Demonspawn Fighter began the quest for the Orb.
     0 | D:1      | Reached XP level 1. HP: 18/18 MP: 1/1
    27 | D:1      | Reached skill level 2 in Axes
   130 | D:1      | Gained mutation: You are partially covered in slimy green scales. (AC +2) [demonic ancestry]
   130 | D:1      | Reached XP level 2. HP: 24/24 MP: 2/2
   926 | D:2      | Gained mutation: You regenerate a little health from kills. [demonic ancestry]
   926 | D:2      | Reached XP level 3. HP: 27/30 MP: 3/3
  1333 | D:3      | Reached skill level 3 in Axes
  1333 | D:3      | Gained mutation: You have sharp toenails. [demonic ancestry]
  1333 | D:3      | Reached XP level 4. HP: 25/37 MP: 4/4
  1546 | D:3      | Found an opulent altar of Gozag.
  1549 | D:3      | Found a sparkling altar of Nemelex Xobeh.
  1552 | D:3      | Found a shattered altar of Ashenzari.
  1661 | D:3      | Reached skill level 4 in Axes
  1715 | D:3      | Gained mutation: You are mostly covered in slimy green scales. (AC +3) [demonic ancestry]
  1715 | D:3      | Reached XP level 5. HP: 38/42 MP: 5/5
  2017 | D:4      | Found a sacrificial altar of Ru.
  2017 | D:4      | Found a snail-covered altar of Cheibriados.
  2060 | D:4      | Found a bloodstained altar of Trog.
  2079 | D:4      | Noticed Television's ghost (amateur HOCj)
  2304 | D:4      | Reached skill level 5 in Axes
  2597 | D:4      | Reached XP level 6. HP: 48/48 MP: 6/6
  2704 | D:5      | Entered Level 5 of the Dungeon
  2736 | D:4      | Killed Television's ghost
  2736 | D:4      | Reached skill level 6 in Axes
  2872 | D:4      | Found a radiant altar of Vehumet.
  2873 | D:4      | Found an ancient bone altar of Kikubaaqudgha.
  2929 | D:5      | Noticed a slave
  2929 | D:5      | Noticed a slave
  2931 | D:5      | Noticed a slave
  2932 | D:5      | Noticed Pikel
  2933 | D:5      | Noticed a slave
  2986 | D:4      | Killed a slave
  3009 | D:4      | Killed a slave
  3235 | D:4      | Killed a slave
  3249 | D:4      | Killed a slave
  3441 | D:5      | Killed Pikel
  3441 | D:5      | Reached skill level 8 in Axes
  3441 | D:5      | Reached XP level 7. HP: 50/53 MP: 7/7
  3507 | D:5      | Found a deep blue altar of Sif Muna.
  3884 | D:5      | Noticed Menkaure
  3893 | D:5      | Killed Menkaure
  3893 | D:5      | Gained mutation: You are immune to rotting. [demonic ancestry]
  3893 | D:5      | Reached XP level 8. HP: 53/60 MP: 8/8
  4137 | D:6      | Reached skill level 9 in Axes
  4184 | D:6      | HP: 3/60 [orc wizard/magic dart (4)]
  4184 | D:6      | Slain by an orc warrior

Vault maps used:
D:1:      dpeg_arrival_central, grunt_decor_one_mirror, minmay_misc_feat_hallway
D:3:      grunt_temple_overflow_diamond
D:4:      cheibriados_altar_1, nicolae_overflow_hidden_temple,
          overflow_temple_1_default
D:5:      first_bread, tgw_sif, uniq_menkaure, uniq_pikel
D:6:      serial_corexii_hall, corexii_hall_statues_s, corexii_hall_statues_s,
          corexii_hall_statues_x, corexii_hall_statues_t,
          nicolae_gozag_zags_fifth_avenue

Skill      XL: |  1  2  3  4  5  6  7  8 |
---------------+-------------------------+-----
Axes           | 2 3 4 5 8 9 |  9.1
Fighting       | |  3.7
Armour         | |  2.6
Shields        | |  2.6

Action                   |  1- 3 |  4- 6 |  7- 9 || total
-------------------------+-------+-------+-------++-------
Melee: War axe           |   123 |   229 |    60 ||   412
       Kick              |       |    72 |    21 ||    93
Evoke: Wand              |       |     1 |     1 ||     2
  Use: Scroll            |       |     1 |       ||     1
       Potion            |       |       |     2 ||     2
  Eat: Chunk             |     1 |     8 |     2 ||    11
Armor: Scale mail        |    69 |    70 |       ||   139
       Chain mail        |       |    63 |    35 ||    98
Dodge: Dodged            |    30 |    44 |    10 ||    84
Block: Shield            |    74 |    80 |    22 ||   176
